 Dungeon Crawl Stone Soup version 0.23-a0-451-g1044d4cbad (webtiles) character file.

3581 Hercules1031 the Nimble (level 9, 0/45 HPs)
             Began as a Spriggan Monk on Nov 23, 2018.
             Was a Priest of Dithmenos.
             Slain by a yak (19 damage)
             ... on level 9 of the Dungeon.
             The game lasted 00:26:27 (10510 turns).

Hercules1031 the Nimble (Spriggan Monk)            Turns: 10510, Time: 00:26:28

Health: 0/45       AC:  5    Str:  7    XL:     9   Next: 84%
Magic:  10/10      EV: 33    Int: 12    God:    Dithmenos [***...]
Gold:   220        SH:  0    Dex: 21    Spells: 8/8 levels left

rFire    . . .     SeeInvis +   g - +3 short sword (venom)
rCold    . . .     Gourm    .   (shield restricted)
rNeg     . . .     Faith    .   b - +1 robe
rPois    .         Spirit   .   y - +2 hat
rElec    .         Reflect  .   f - scarf {repulsion}
rCorr    .         Harm     +   (gloves unavailable)
MR       +....                  (boots unavailable)
Stlth    +++++++++.             n - amulet of harm
HPRegen  0.15/turn              u - ring of stealth
MPRegen  0.12/turn              t - +3 ring of evasion

@: wreathed by umbra, repel missiles, very quick
A: very small, unfitting armour, talons 1, see invisible, herbivore, speed 3,
slow metabolism 2, no potion heal 1
a: Shadow Step, Renounce Religion


You were on level 9 of the Dungeon.
You worshipped Dithmenos.
Dithmenos was most pleased with you.
You were full.

You visited 2 branches of the dungeon, and saw 10 of its levels.

You collected 317 gold pieces.
You spent 97 gold pieces at shops.

Inventory:

Hand Weapons
 a - a +0 short sword
 d - a +2 dagger of venom
 g - a +3 short sword of venom (weapon)
Armour
 b - a +1 robe (worn)
 f - a scarf of repulsion (worn)
 y - a +2 hat (worn)
Jewellery
 j - a +3 ring of strength
 m - an uncursed ring of protection from magic
 n - an amulet of harm (around neck)
 t - a +3 ring of evasion (right hand)
 u - a ring of stealth (left hand)
Wands
 q - a wand of clouds (3)
 r - a wand of random effects (32)
 s - a wand of digging (8)
 w - a wand of polymorph (9)
 z - a wand of acid (9)
Scrolls
 i - 3 scrolls of remove curse
 l - 2 scrolls of amnesia
 o - 3 scrolls of enchant weapon
 v - a scroll of identify
 C - a scroll of enchant armour
 D - a scroll of silence {unknown}
Potions
 e - 3 potions of agility
 h - 4 potions of brilliance
 k - a potion of flight
 p - a potion of lignification
 x - a potion of curing
 B - 2 potions of cancellation {unknown}
Miscellaneous
 A - a box of beasts
Comestibles
 c - 5 rations


   Skills:
 - Level 4.0 Fighting
 * Level 8.7 Short Blades
 * Level 12.4 Dodging
 + Level 12.0 Stealth


You had 8 spell levels left.
You didn't know any spells.
Your spell library contained the following spells:

 Spells                   Type           Power        Failure   Level  Hunger
 Animate Skeleton         Necr           N/A          32%         1    ##.....
 Apportation              Tloc           #.....       32%         1    ##.....
 Confusing Touch          Hex            #.....       32%         1    ##.....
 Magic Dart               Conj           #...         32%         1    ##.....
 Pain                     Necr           #...         32%         1    ##.....
 Summon Small Mammal      Summ           #...         32%         1    ##.....
 Searing Ray              Conj           #.....       45%         2    ###....
 Dazzling Spray           Conj/Hex       #.....       69%         3    ####...
 Regeneration             Chrm/Necr      #.........   69%         3    ####...
 Vampiric Draining        Necr           #.........   69%         3    ####...
 Animate Dead             Necr           N/A          97%         4    #####..
 Force Lance              Conj/Tloc      #.......     97%         4    #####..
 Fulminant Prism          Conj/Hex       #.........   97%         4    #####..
 Iskenderun's Mystic Bla  Conj           #.......     97%         4    #####..


Dungeon Overview and Level Annotations

Branches:
Dungeon (9/15)             Temple (1/1) D:7
   Lair: D:8-11         Orc: D:9-12

Altars:
Ashenzari
Cheibriados
Dithmenos
Elyvilon
Fedhas
Gozag
Hepliaklqana
Kikubaaqudgha
Makhleb
Okawaru
Qazlal
Ru
Sif Muna
Trog
Uskayaw
Vehumet
Wu Jian
Xom
Yredelemnul
Zin
The Shining One

Shops:
D:5 **


Innate Abilities, Weirdness & Mutations

You are very small and have problems with some larger weapons.
You are too small for most types of armour.
You have supernaturally acute eyesight. (SInv)
You are a herbivore.
You cover ground extremely quickly.
You need to consume almost no food.
You have sharp toenails.
Potions are less effective at restoring your health.


Message History

The adder is severely wounded.
The adder completely misses you.
You hit the adder.
You kill the adder!
Dithmenos accepts your kill.
You hit the yak.
The yak is poisoned.
You claw the yak, but do no damage.
The yak is lightly wounded.
You hit the yak.
The yak looks as sick as possible!
You claw the yak, but do no damage.
The yak is moderately wounded.
You closely miss the yak. The yak misses you. The yak gores you!
You closely miss the yak. You claw the yak.
The yak is lightly wounded.
You hit the yak.
The yak is poisoned.
You claw the yak.
The yak is moderately wounded.
The yak completely misses you. x2
You closely miss the yak.
The yak is moderately wounded.
The yak gores you!
You die...

#.# #.# #.# ## ##.#
... ####..## ....
###......# .....
####.....##.##
......##Y....######.##
......oY@.#### ##.##
......)#### #..##
......# ##..# ......
##.## ..... ##.# .....
#.. # (... ##. ## ....
#. .## #.


You could see 2 yaks and an orc.

Vanquished Creatures
  A yak (D:9)
  Edmund (D:5)
  2 water moccasins
  An ice beast (D:8)
  2 sky beasts
  A black bear (D:8)
  3 phantoms
  An orc warrior (D:9)
  7 ogres
  A centaur (D:5)
  4 bullfrogs
  5 killer bees
  A wight (D:6)
  2 howler monkeys
  3 crimson imps
  2 centaur zombies
  A bullfrog zombie (D:7)
  2 hounds
  A jelly (D:8)
  4 orc priests
  A centaur skeleton (D:6)
  An iguana (D:6)
  Ijyb (D:5)
  7 orc wizards
  4 worker ants
  2 hound skeletons
  2 worker ant zombies
  A howler monkey skeleton (D:9)
  6 gnolls
  9 adders
  4 shadow imps
  An ooze (D:3)
  An adder skeleton (D:6)
  3 worms
  2 dart slugs (D:2)
  7 leopard geckos
  25 orcs
  6 giant cockroaches
  3 goblins
  8 hobgoblins
  18 jackals
  6 quokkas
  3 ball pythons
  5 bats
  5 frilled lizards
  10 kobolds
  5 rats
191 creatures vanquished.

Vanquished Creatures (collateral kills)
  A killer bee (D:9)
1 creature vanquished.

Grand Total: 192 creatures vanquished

Notes
Turn   | Place    | Note
-------+----------+-------------------------------------------
     0 | D:1      | Hercules1031 the Spriggan Monk began the quest for the Orb.
     0 | D:1      | Reached XP level 1. HP: 11/11 MP: 2/2
   457 | D:1      | Reached XP level 2. HP: 16/16 MP: 3/3
  1157 | D:1      | Reached XP level 3. HP: 19/19 MP: 4/4
  1795 | D:2      | Reached skill level 5 in Dodging
  1805 | D:2      | Found a shimmering altar of Xom.
  1908 | D:2      | Found an iron altar of Okawaru.
  1923 | D:2      | Reached XP level 4. HP: 10/24 MP: 5/5
  2258 | D:2      | Found a hazy altar of Hepliaklqana.
  2576 | D:2      | Found a burning altar of Makhleb.
  3786 | D:3      | Reached XP level 5. HP: 21/28 MP: 6/6
  3897 | D:3      | Noticed an ogre
  3955 | D:3      | Killed an ogre
  3955 | D:3      | Reached skill level 5 in Stealth
  4521 | D:3      | Reached XP level 6. HP: 12/33 MP: 7/7
  4772 | D:3      | Gained mutation: Potions are less effective at restoring
                  | your health. [potion of mutation]
  4772 | D:3      | Gained mutation: You have sharp toenails. [potion of
                  | mutation]
  5582 | D:4      | Reached skill level 5 in Short Blades
  5582 | D:4      | Reached XP level 7. HP: 20/37 MP: 8/8
  6360 | D:5      | Entered Level 5 of the Dungeon
  6360 | D:5      | Found Ubuloupo's General Store.
  6384 | D:5      | Bought a scroll of enchant weapon for 97 gold pieces
  6425 | D:5      | Noticed Ijyb
  6433 | D:5      | Found a shadowy altar of Dithmenos.
  6437 | D:5      | Became a worshipper of Dithmenos the Shadowed
  6437 | D:5      | Reached * piety under Dithmenos
  6437 | D:5      | Reached ** piety under Dithmenos
  6439 | D:5      | Noticed Edmund
  6447 | D:5      | Killed Ijyb
  6486 | D:5      | HP: 1/37 [Edmund/+0 dire flail of protection (4)]
  6489 | D:5      | Killed Edmund
  7035 | D:5      | Found Kump's Serpentskin Sales.
  7045 | D:5      | Reached XP level 8. HP: 42/42 MP: 9/9
  7679 | D:6      | Found an opulent altar of Gozag.
  7796 | D:6      | Reached skill level 10 in Stealth
  7907 | D:6      | Reached skill level 10 in Dodging
  8263 | D:7      | Found a staircase to the Ecumenical Temple.
  8279 | Temple   | Entered the Ecumenical Temple
  8546 | D:7      | Reached XP level 9. HP: 45/45 MP: 10/10
  8712 | D:7      | Found a basalt altar of Yredelemnul.
  8712 | D:7      | Found a radiant altar of Vehumet.
  8769 | D:7      | Found a hide-covered altar of Uskayaw.
  8779 | D:7      | Reached *** piety under Dithmenos
  9392 | D:8      | Found a sacrificial altar of Ru.
  9796 | D:8      | Found a white marble altar of Elyvilon.
 10510 | D:9      | Slain by a yak

Vault maps used:
D:1:      dpeg_arrival_boxorama
D:2:      lemuel_coloured_pillars_altar, lemuel_doored_altar,
          lemuel_round_altar, old_standard_altar
D:3:      first_ration
D:4:      kennysheep_nub
D:5:      grunt_dithmenos_smoke_and_mirrors, serial_shops, shop,
          guppyfry_shop_venom, uniq_edmund, uniq_ijyb
D:6:      kb_forest_paths, marbit_many_paths
D:7:      eat_drink_and_be_merry_uskayaw,
          chequers_temple_overflow_statue_of_worship, minmay_temple_entry_wispy
D:8:      elyvilon_altar_3, nicolae_ru_path_of_blood
D:9:      nemelex_xobeh_ov_fountains_minmay
Temple:   jpeg_temple_alley_garden

Skill      XL: |  1  2  3  4  5  6  7  8  9 |
---------------+----------------------------+-----
Fighting       | 3 4 |  4.0
Dodging        | 5 6 8 10 12 | 12.4
Stealth        | 4 5 6 8 10 12 | 12.0
Short Blades   | 4 5 6 8 |  8.7

Action                   |  1- 3 |  4- 6 |  7- 9 || total
-------------------------+-------+-------+-------++-------
Melee: Short sword       |   185 |   289 |   377 ||   851
       Kick              |       |    11 |   123 ||   134
  Use: Scroll            |     1 |     1 |    13 ||    15
       Potion            |       |     9 |     5 ||    14
 Stab: Sleeping          |     6 |     3 |    35 ||    44
       Distracted        |     2 |       |     1 ||     3
       Invisible         |       |     3 |       ||     3
  Eat: Ration            |       |     3 |     4 ||     7
Armor: Robe              |    17 |     8 |    10 ||    35
       Skin              |       |    14 |       ||    14
Dodge: Dodged            |   176 |   232 |   296 ||   704
       Deflected         |       |     1 |     2 ||     3

Table legend:
 A = Non-vault XP
 B = Vault XP
 C = Vault XP percentage of total XP
 D = Non-vault monster count
 E = Vault monster count
 F = Vault count percentage of total count
                 A         B        C        D         E       F
            +---------+---------+-------+---------+---------+-------
      Total |    4661 |     455 |   8.9 |     181 |      11 |   5.7
            +---------+---------+-------+---------+---------+-------
        D:1 |      50 |       0 |   0.0 |      28 |       0 |   0.0
        D:2 |      80 |       0 |   0.0 |      23 |       0 |   0.0
        D:3 |     387 |       0 |   0.0 |      34 |       0 |   0.0
        D:4 |     565 |       0 |   0.0 |      19 |       0 |   0.0
        D:5 |     122 |     227 |  65.0 |       4 |       4 |  50.0
        D:6 |     976 |     228 |  18.9 |      22 |       7 |  24.1
        D:7 |     655 |       0 |   0.0 |      20 |       0 |   0.0
        D:8 |    1138 |       0 |   0.0 |      18 |       0 |   0.0
        D:9 |     688 |       0 |   0.0 |      13 |       0 |   0.0
            +---------+---------+-------+---------+---------+-------
